 Dungeon Crawl Stone Soup version 0.27-a0-1500-g450c7e4133 (webtiles) character file.

Game seed: 13417412729489551214

19 dickylongcocking the Magician (level 2, -1/22 HPs)
             Began as a Djinni Fire Elementalist on July 8, 2021.
             Slain by Natasha (6 damage)
             ... on level 2 of the Dungeon.
             The game lasted 00:00:59 (1556 turns).

dickylongcocking the Magician (DjFE)                Turns: 1556, Time: 00:00:59

Health: -1/22      AC:  2    Str:  7    XL:     2   Next: 95%
Gold:   111        EV: 12    Int: 16    God:
                   SH:  0    Dex: 13

rFire    + + .     SeeInvis .   b - +0 quarterstaff
rCold    x . .     Faith    .   (shield currently unavailable)
rNeg     . . .     Spirit   .   a - +0 robe
rPois    ∞         Reflect  .   (no helmet)
rElec    .         Harm     .   f - scarf {+Inv}
rCorr    .         Rampage  .   (no gloves)
Will     .....                  (boots unavailable)
Stlth    ++........             (no amulet)
HPRegen  0.07/turn              (no ring)
MPRegen  0.00/turn              (no ring)

@: flying, slowed, very slow
A: sickness immunity, fire resistance 2, cold vulnerability 1, float, innate
caster, hp casting, extra vitality 1
a: Evoke Invisibility


You were on level 2 of the Dungeon.
You visited 1 branch of the dungeon, and saw 2 of its levels.

You collected 111 gold pieces.

Inventory:

Hand Weapons
 b - a +0 quarterstaff (weapon)
Armour
 a - a +0 robe (worn)
 f - a scarf of invisibility (worn)
Scrolls
 c - a scroll of enchant weapon {unknown}
 d - a scroll of teleportation {unknown}
 e - a scroll of noise {unknown}


   Skills:
 + Level 1.1 Fighting
 - Level 2.1 Dodging
 - Level 1.5 Stealth
 * Level 2.9 Spellcasting


You couldn't memorise any spells.
You knew the following spells:

 Your Spells              Type           Power      Damage    Failure   Level
a - Foxfire               Conj/Fire      44%        2x1d6     6%          1
b - Conjure Flame         Conj/Fire      11%        6-21      17%         3
c - Inner Flame           Hex/Fire       11%        N/A       17%         3
d - Sticky Flame          Conj/Fire      11%        2d3       50%         4
e - Fireball              Conj/Fire      5%         3d5       85%         5
Your spell library was empty.

Dungeon Overview and Level Annotations

Branches:
Dungeon (2/15)

Altars:

Annotations:
D:2 Natasha


Innate Abilities, Weirdness & Mutations

You are immune to sickness and miasma.
You are immune to poison.
Your flesh is very heat resistant. (rF++)
You are vulnerable to cold. (rC-)
You float through the air rather than walking.
You learn spells naturally, not from books.
Your magical power is your life essence.
You have superior vitality. (+4 HP)


Message History

Confirm with . or Enter, or press ? or * to list all spells.
You conjure some foxfire!
* * * LOW HITPOINT WARNING * * *
Natasha casts a spell.
Unknown command.
Unknown command.
Unknown command.
Unknown command.
Your foxfire dissipates!
An adder and a giant cockroach come into view.
The adder hisses angrily.
The foxfire hits Natasha but does no damage.
Natasha is severely wounded.
Natasha growls.
Natasha casts a spell at you.
You feel yourself slow down.
Unknown command.
Unknown command.
Unknown command.
You aren't carrying any potions.
Unknown command.
Casting: Foxfire (safe; 6% risk of failure)
Confirm with . or Enter, or press ? or * to list all spells.
You conjure some foxfire!
* * * LOW HITPOINT WARNING * * *
The foxfire hits Natasha.
Natasha is almost dead.
Unknown command.
Unknown command.
Unknown command.
Unknown command.
Your foxfire dissipates!
The adder closely misses you. The giant cockroach misses you.
The adder bites you but does no damage.
You see here a +0 ring mail.
Unknown command.
Unknown command.
The giant cockroach bites you but does no damage.
The adder barely misses you. The giant cockroach misses you. Natasha claws you.
You die...

#### # #..
####.#.#####.#
.#....#@#.....###
......ShB.......
.....##.#?###.#
.#.#.##5#.5...#####
...................
...######.#<..####.
........#..#####..#
#######5#..........
#.#....####..


You could see an iron imp (summoned), Natasha, a crimson imp (summoned), an
adder and a giant cockroach.

Vanquished Creatures
  3 ball pythons (D:1)
  An endoplasm (D:1)
  2 goblins (D:1)
  A hobgoblin (D:1)
  2 kobolds (D:1)
  A quokka (D:1)
  4 bats
  A frilled lizard (D:1)
  3 rats (D:1)
18 creatures vanquished.

Vanquished Creatures (others)
  18 foxfires
  A fungus (D:1)
  6 toadstools (D:1)
25 creatures vanquished.

Grand Total: 43 creatures vanquished

Notes
Turn   | Place    | Note
-------+----------+-------------------------------------------
     0 | D:1      | dickylongcocking the Djinni Fire Elementalist began the
                  | quest for the Orb.
     0 | D:1      | Reached XP level 1. HP: 15/15 MP: 0/0
   482 | D:1      | Reached XP level 2. HP: 22/22 MP: 0/0
   825 | D:1      | Reached skill level 1 in Fighting
  1544 | D:2      | Noticed Natasha
  1555 | D:2      | Noticed a crimson imp
  1556 | D:2      | Slain by Natasha

Illustrated notes

Levels and vault maps discovered:
D:1:      eino_arrival_water_cross, layout_basic, minmay_gold_behind_fungi
D:2:      layout_basic, hellmonk_ecumenical_altar_blasted, uniq_natasha

Skill      XL: |  1  2 |
---------------+-------+-----
Fighting       | 1 |  1.1
Dodging        | |  2.1
Stealth        | |  1.5
Spellcasting   | |  2.9

Action                   || total
-------------------------++-------
Melee: Quarterstaff      ||    45
 Cast: Foxfire           ||    12
 Stab: Sleeping          ||     3
Armor: Robe              ||    11
Dodge: Dodged            ||    46

Table legend: (Time is in decaauts)
 A = Elapsed time spent in this place.
 B = Non-inter-level travel time spent in this place.
 C = Inter-level travel time spent in this place.
 D = Time resting spent in this place.
 E = Time spent auto-exploring this place.
 F = Levels seen in this place.
 G = Mean time per level.
                   A        B        C        D        E       F      G
               +--------+--------+--------+--------+--------+-----+--------+
         Total |   1569 |   1477 |     92 |      0 |   1293 |   2 |  784.5 |
       Dungeon |   1569 |   1477 |     92 |      0 |   1293 |   2 |  784.5 |
               +--------+--------+--------+--------+--------+-----+--------+

Top non-repeatable levels by time:
     D:1: 1504 daAuts
     D:2: 65 daAuts
